 Dungeon Crawl Stone Soup version 0.19.1 (webtiles) character file.

63 SQman the Skirmisher (level 4, 0/39 HPs)
             Began as a Human Wanderer on Dec 6, 2016.
             Killed by divine providence
             ... invoked by an orc priest
              (14 damage)
             ... on level 3 of the Dungeon.
             The game lasted 00:11:33 (1198 turns).

SQman the Skirmisher (Human Wanderer)               Turns: 1198, Time: 00:11:35

Health: 0/39       AC: 10    Str: 15    XL:     4   Next: 30%
Magic:  4/4        EV: 10    Int: 11    God:
Gold:   96         SH:  0    Dex: 12    Spells: 0 memorised, 3 levels left

rFire  + . .     SeeInvis .       - Unarmed
rCold  . . .     Gourm    .     c - +0 ring mail
rNeg   . . .     Faith    .     (no shield)
rPois  .         Spirit   .     (helmet restricted)
rElec  .         Reflect  .     (no cloak)
rCorr  .         Harm     .     o - +2 pair of gloves
MR     +....                    (no boots)
Stlth  +.........               l - amulet of rage
                                (no ring)
                                (no ring)

@: no status effects
A: horns 1, talons 1, rugged brown scales 1, fire resistance 1, magic resistance
1, shaggy fur 1
a: Evoke Berserk Rage


You were on level 3 of the Dungeon.
You were full.

You visited 1 branch of the dungeon, and saw 3 of its levels.

You collected 96 gold pieces.

Inventory:

Hand Weapons
 e - a +0 club
 j - a +0 club
Missiles
 n - 119 stones (quivered)
Armour
 c - a +0 ring mail (worn)
 o - a +2 pair of gloves (worn)
 r - a +0 scale mail
Jewellery
 l - an amulet of rage (around neck)
Scrolls
 p - a scroll of magic mapping
 q - a scroll of amnesia
Potions
 a - a potion of haste
 b - a potion of heal wounds
 d - 3 potions of lignification
 g - a potion of cancellation
Comestibles
 f - 2 bread rations
 h - 2 meat rations
 i - 2 chunks of flesh
 k - 3 slices of pizza
 m - a beef jerky


   Skills:
 + Level 4.7 Fighting
 + Level 0.4 Maces & Flails
   Level 2.0 Bows
 + Level 1.1 Armour
 + Level 1.1 Dodging
   Level 1.0 Shields
 + Level 2.6 Unarmed Combat
 + Level 1.0 Evocations


You had 3 spell levels left.
You didn't know any spells.

Dungeon Overview and Level Annotations

Branches:
Dungeon (3/15)

Altars:


Innate Abilities, Weirdness & Mutations

You have a pair of small horns on your head.
You have sharp toenails.
You are partially covered in rugged brown scales. (AC +1, +3% HP)
Your flesh is heat resistant. (rF+)
You are resistant to hostile enchantments. (MR+)
You are covered in fur. (AC +1)


Message History

The orc completely misses you.
You hit the orc.
You kill the orc!
The kobold throws a stone.
The stone hits you but does no damage.
The orc throws a tomahawk.
The tomahawk hits you but does no damage.
The kobold hits you. The orc hits you with a mace.
The orc priest calls down the wrath of Beogh upon you.
Beogh smites you!
Items here: )) [ †† a whip; a leather armour; a war axe; an orc corpse x2
You hit the orc but do no damage. Your headbutt misses the orc.
The kobold hits you but does no damage. The orc hits you but does no damage.
You hit the orc but do no damage. You claw the orc, but do no damage.
You headbutt the orc.
The orc is almost dead.
The kobold misses you.
The orc priest invokes the aid of Beogh against you.
Beogh smites you!
You die...

...### #.# .....###
#.# # ...)...# #.#
.# .....#.# #.# .(#
...###.#
#.#######..# ...#
#.# #.#........
#.####.#####>#.#
o..
#..............##K#
#####^....(....(@o#
# #........###### #
########.# # #.# #
#.# #####. ...
...... ... ######


You could see an orc priest, an orc and a kobold.

Vanquished Creatures
  An adder (D:3)
  An ooze (D:2)
  A worm (D:2)
  2 dart slugs (D:2)
  3 leopard geckos
  2 orcs (D:3)
  4 giant cockroaches
  3 goblins
  5 hobgoblins
  7 kobolds
  A bat (D:3)
  2 frilled lizards (D:2)
  3 rats
35 creatures vanquished.

Notes
Turn   | Place    | Note
-------+----------+-------------------------------------------
     0 | D:1      | SQman the Human Wanderer began the quest for the Orb.
     0 | D:1      | SQman set off with: a potion of haste, a potion of heal wounds, a +0 ring mail, a potion of lignification, a +0 club, a bread ration
     0 | D:1      | Reached XP level 1. HP: 19/19 MP: 1/1
   256 | D:1      | Reached XP level 2. HP: 9/26 MP: 2/2
   341 | D:1      | Gained mutation: You have a pair of small horns on your head. [potion of mutation]
   341 | D:1      | Gained mutation: You have sharp toenails. [potion of mutation]
   341 | D:1      | Gained mutation: You are resistant to hostile enchantments. (MR+) [potion of mutation]
   641 | D:2      | Reached XP level 3. HP: 31/31 MP: 3/3
   664 | D:2      | Gained mutation: You are covered in fur. (AC +1) [potion of mutation]
   664 | D:2      | Gained mutation: Your flesh is heat resistant. (rF+) [potion of mutation]
   664 | D:2      | Gained mutation: You are partially covered in rugged brown scales. (AC +1, +3% HP) [potion of mutation]
   886 | D:2      | Reached skill level 1 in Dodging
  1129 | D:3      | Reached XP level 4. HP: 35/39 MP: 4/4
  1181 | D:3      | Reached skill level 1 in Armour
  1198 | D:3      | Killed from afar by an orc priest

Skill      XL: |  1  2  3  4 |
---------------+-------------+-----
Dodging        | 1 |  1.1
Armour         | 1 |  1.1
Fighting       | |  4.7
Maces & Flails | |  0.4
Bows           | |  2.0
Shields        | |  1.0
Unarmed Combat | |  2.6
Evocations     | |  1.0

Action                   |  1- 3 |  4- 6 || total
-------------------------+-------+-------++-------
Melee: Club              |    40 |       ||    40
       Unarmed           |   104 |    26 ||   130
       Kick              |    25 |    11 ||    36
       Headbutt          |    15 |     3 ||    18
       Punch             |     1 |       ||     1
  Use: Potion            |     6 |       ||     6
       Scroll            |     7 |       ||     7
  Eat: Bread ration      |     1 |       ||     1
       Chunk             |     1 |       ||     1
Armor: Ring mail         |    62 |    20 ||    82
Dodge: Dodged            |    80 |    12 ||    92
